 Dungeon Crawl Stone Soup version 0.20.0-15-g7f486f2 (webtiles) character file.

550 KleinerIrrer the Insei (level 7, 0/43 HPs)
             Began as an Octopode Transmuter on July 1, 2017.
             Was a Follower of Okawaru.
             Slain by an ice beast (14 damage)
             ... on level 5 of the Dungeon.
             The game lasted 00:18:42 (5998 turns).

KleinerIrrer the Insei (Octopode Transmuter)        Turns: 5998, Time: 00:18:43

Health: 0/43       AC:  1    Str: 11    XL:     7   Next: 29%
Magic:  5/10       EV: 12    Int: 16    God:    Okawaru [*.....]
Gold:   174        SH:  3    Dex: 12    Spells: 4/10 levels left

rFire    . . .     SeeInvis .   d - +2 dagger (protect)
rCold    . . .     Gourm    .   w - +0 buckler (curse)
rNeg     . . .     Faith    .   (helmet restricted)
rPois    .         Spirit   .   (no amulet)
rElec    .         Reflect  .   i - ring of flight
rCorr    .         Harm     .   (no ring)
MR       .....                  (no ring)
Stlth    +++.......             (no ring)
Regen    0.2/turn               (no ring)
MPRegen  0.2/turn               (no ring)
                                (no ring)
                                (no ring)

@: appendage, very slightly contaminated
A: almost no armour, stealthy swim, amphibious, 8 rings, constrict 8, tentacle
spike 3, camouflage 1, gelatinous body 1
a: End Transformation, Heroism, Renounce Religion, Evoke Flight


You were on level 5 of the Dungeon.
You worshipped Okawaru.
Okawaru was aware of your devotion.
You were not hungry.
One of your tentacles had a temporary spike.
You visited 1 branch of the dungeon, and saw 5 of its levels.

You collected 174 gold pieces.

Inventory:

Hand Weapons
 d - a +2 dagger of protection (weapon)
Missiles
 a - 49 arrows
Armour
 r - a +0 large shield
 w - a cursed +0 buckler (worn)
Jewellery
 i - a ring of flight (left tentacle)
 t - an uncursed ring of teleportation
 y - a +2 ring of evasion {unknown}
Wands
 v - a wand of polymorph (4/24)
Scrolls
 e - a scroll of magic mapping {unknown}
 g - 4 scrolls of remove curse
 j - a scroll of enchant armour {unknown}
 l - a scroll of fog {unknown}
 o - 4 scrolls of teleportation {unknown}
 p - a scroll of immolation {unknown}
 q - 3 scrolls of recharging {unknown}
 x - 2 scrolls of identify
Potions
 c - a potion of degeneration {unknown}
 h - 2 potions of curing
 u - a potion of agility {unknown}
Books
 b - a book of Changes

   Spells                             Type                      Level
   a - Beastly Appendage              Transmutation                1
   b - Sticks to Snakes               Transmutation                2
   c - Spider Form                    Transmutation/Poison         3
   d - Ice Form                       Ice/Transmutation            4
   e - Blade Hands                    Transmutation                5
Comestibles
 f - 2 fruits
 k - 2 royal jellies
 m - 2 meat rations


   Skills:
 - Level 1.0 Fighting
 - Level 2.1 Dodging
 - Level 3.0 Stealth
 + Level 6.4 Unarmed Combat
 - Level 2.1 Spellcasting
 - Level 3.1 Transmutations
 - Level 3.0 Poison Magic
 * Level 1.6 Invocations


You had 4 spell levels left.
You knew the following spells:

 Your Spells              Type           Power        Failure   Level  Hunger
a - Beastly Appendage     Tmut           ##....       10%         1    #......
b - Sticks to Snakes      Tmut           ##......     14%         2    ###....
c - Spider Form           Tmut/Pois      ##........   28%         3    ###....


Dungeon Overview and Level Annotations

Branches:
Dungeon (5/15)
 Temple: D:4-7

Altars:
Fedhas
Okawaru
Trog


Innate Abilities, Weirdness & Mutations

You cannot wear most types of armour.
You are very stealthy in the water. (Stealth+)
You are amphibious.
You can wear up to eight rings at the same time.
You can use your tentacles to constrict eight enemies at once.
Your skin changes colour to match your surroundings (Stealth+).
Your rubbery body absorbs attacks. (AC +1, EV +1)
One of your tentacles bears a large vicious spike.


Message History

* * * LOW HITPOINT WARNING * * *
Your ball python barely misses the ice beast.
You feel much better. The ice beast hits you. The ice beast freezes you!
Your ball python closely misses the ice beast.
You barely miss the ice beast.
The ice beast is severely wounded.
Your ball python bites the ice beast but does no damage.
The ice beast barely misses you.
Casting: Beastly Appendage
Confirm with . or Enter, or press ? or * to list all spells.
You miscast Spider Form.
You are very lightly contaminated with residual magic.
Nothing appears to happen.
Your ball python bites the ice beast but does no damage.
The ice beast barely misses you.
Your ball python closely misses the ice beast.
You closely miss the ice beast. Your squeeze misses the ice beast.
The ice beast is severely wounded.
The ice beast hits you. The ice beast freezes you!
You die...

######## #..<...#
#.@....#
###############Y.....#
...............S.....#
###############......#
#......# #......#
#......# ####.### #.#


You could see an ice beast and a friendly ball python.

Vanquished Creatures
  The ghost of TheGamingCockatoo the Grave Robber, an amateur DDNe (D:3)
  A scorpion (D:4)
  A crimson imp (D:5)
  A jelly (D:4)
  A hound (D:3)
  Terence (D:2)
  Natasha (thrice) (D:3)
  2 worker ants (D:4)
  A hound skeleton (D:5)
  9 adders
  An ooze (D:1)
  3 worms
  2 dart slugs
  4 giant cockroaches
  13 goblins
  9 hobgoblins
  5 jackals
  3 ball pythons (D:2)
  7 bats
  5 frilled lizards
  7 kobolds
  7 rats
87 creatures vanquished.

Vanquished Creatures (collateral kills)
  A worm (D:2)
1 creature vanquished.

Grand Total: 88 creatures vanquished

Notes
Turn   | Place    | Note
-------+----------+-------------------------------------------
     0 | D:1      | KleinerIrrer the Octopode Transmuter began the quest for the Orb.
     0 | D:1      | Reached XP level 1. HP: 13/13 MP: 3/3
   380 | D:1      | Reached XP level 2. HP: 9/18 MP: 5/5
   958 | D:1      | Reached skill level 1 in Stealth
  1378 | D:2      | Reached XP level 3. HP: 23/23 MP: 6/6
  1570 | D:2      | Learned a level 2 spell: Sticks to Snakes
  1574 | D:2      | Learned a level 3 spell: Spider Form
  1721 | D:2      | Found an iron altar of Okawaru.
  1726 | D:2      | Noticed Terence
  1845 | D:2      | Became a worshipper of Warmaster Okawaru
  1861 | D:2      | Killed Terence
  1861 | D:2      | Reached XP level 4. HP: 26/28 MP: 4/7
  2166 | D:2      | Reached skill level 4 in Unarmed Combat
  2385 | D:2      | Found a bloodstained altar of Trog.
  2754 | D:3      | Noticed TheGamingCockatoo's ghost (amateur DDNe)
  2766 | D:3      | Found a blossoming altar of Fedhas.
  2923 | D:2      | Reached skill level 1 in Poison Magic
  2923 | D:2      | Reached XP level 5. HP: 26/33 MP: 6/8
  4271 | D:3      | Killed TheGamingCockatoo's ghost
  4271 | D:3      | Reached skill level 5 in Unarmed Combat
  4271 | D:3      | Reached XP level 6. HP: 32/38 MP: 9/9
  4483 | D:3      | Noticed Natasha
  4722 | D:3      | Killed Natasha
  4741 | D:3      | Noticed Natasha
  4746 | D:3      | Killed Natasha
  4786 | D:3      | Noticed Natasha
  4794 | D:3      | Killed Natasha
  5270 | D:4      | Reached * piety under Okawaru
  5270 | D:4      | Reached skill level 6 in Unarmed Combat
  5569 | D:4      | Reached XP level 7. HP: 22/43 MP: 3/10
  5882 | D:5      | Entered Level 5 of the Dungeon
  5918 | D:5      | Reached skill level 1 in Invocations
  5994 | D:5      | HP: 2/43 [ice beast (7)]
  5998 | D:5      | Slain by an ice beast

Skill      XL: |  1  2  3  4  5  6  7 |
---------------+----------------------+-----
Stealth        | 1 3 |  3.0
Unarmed Combat | 4 5 6 |  6.4
Poison Magic   | 1 2 3 |  3.0
Transmutations | 3 |  3.1
Invocations    | 1 |  1.6
Fighting       | |  1.0
Dodging        | |  2.1
Spellcasting   | |  2.1

Action                   |  1- 3 |  4- 6 |  7- 9 || total
-------------------------+-------+-------+-------++-------
Melee: Unarmed           |    83 |   116 |     7 ||   206
       Constrict         |    26 |    27 |     5 ||    58
       Tentacles         |     8 |    12 |     4 ||    24
       Punch             |     1 |     3 |     1 ||     5
       Kick              |     7 |    13 |     7 ||    27
       Dagger            |       |    42 |    26 ||    68
 Cast: Beastly Appendage |     3 |    21 |     3 ||    27
       Sticks to Snakes  |     2 |     2 |     1 ||     5
       Spider Form       |       |     9 |     1 ||    10
  Use: Scroll            |       |     6 |       ||     6
       Potion            |       |     2 |     3 ||     5
 Stab: Sleeping          |     6 |    10 |       ||    16
       Distracted        |     1 |       |       ||     1
  Eat: Chunk             |     3 |     9 |       ||    12
       Bread ration      |       |     1 |     1 ||     2
Armor: Skin              |    13 |    16 |     6 ||    35
Dodge: Dodged            |    50 |   117 |    15 ||   182
Block: Buckler           |       |       |     1 ||     1
